 Dungeon Crawl Stone Soup version 0.21-a0-91-ga5031da (webtiles) character file.

50 Ijustatesigmund the Skirmisher (level 3, -4/34 HPs)
             Began as a Naga Fighter on June 30, 2017.
             Slain by a worm (7 damage)
             ... on level 2 of the Dungeon.
             The game lasted 00:02:48 (1257 turns).

Ijustatesigmund the Skirmisher (Naga Fighter)       Turns: 1257, Time: 00:02:50

Health: -4/34      AC:  4    Str: 23    XL:     3   Next: 79%
Magic:  3/3        EV:  5    Int:  8    God:
Gold:   23         SH:  9    Dex: 11    Spells: 2/2 levels left

rFire    . . .     SeeInvis +   a - +0 flail
rCold    . . .     Gourm    .   c - +0 shield
rNeg     . . .     Faith    .   b - +0 scale mail
rPois    +         Spirit   .   (no helmet)
rElec    .         Reflect  .   (no cloak)
rCorr    .         Harm     .   (no gloves)
MR       .....                  (no barding)
Stlth    ..........             (no amulet)
HPRegen  0.11/turn              (no ring)
MPRegen  0.08/turn              (no ring)

@: mighty, very slow
A: see invisible, deformed body, poison resistance, slowness 2, slow metabolism
1, spit poison 1, AC +1
a: Spit Poison


You were on level 2 of the Dungeon.
You were hungry.

You visited 1 branch of the dungeon, and saw 2 of its levels.

You collected 23 gold pieces.

Inventory:

Hand Weapons
 a - a +0 flail (weapon)
Armour
 b - a +0 scale mail (worn)
 c - a +0 shield (worn)
 i - a +0 buckler
Scrolls
 g - 2 scrolls of identify
Comestibles
 f - a bread ration
 j - a meat ration


   Skills:
 + Level 3.6 Fighting
 * Level 3.4 Maces & Flails
 - Level 2.4 Armour
 - Level 2.4 Shields


You had 2 spell levels left.
You didn't know any spells.

Dungeon Overview and Level Annotations

Branches:
Dungeon (2/15)

Altars:

Annotations:
D:2 Jessica, Robin


Innate Abilities, Weirdness & Mutations

You cannot wear boots.
Your serpentine skin is tough. (AC +1)
You have supernaturally acute eyesight. (SInv)
Armour fits poorly on your strangely shaped body.
Your system is resistant to poisons. (rPois)
You cover ground very slowly.
You have a slow metabolism.
You can spit poison.


Message History

The goblin hits you.
The hobgoblin hits you but does no damage.
Robin throws the goblin at you! You block the goblin's attack.
The goblin hits you. The hobgoblin hits you.
* * * LOW HITPOINT WARNING * * *
You feel very mighty all of a sudden. You block the goblin's attack.
The goblin hits you.
* * * LOW HITPOINT WARNING * * *
The hobgoblin barely misses you.
You sock the worm!
The worm is severely wounded.
You block the worm's attack. You block the goblin's attack.
The goblin completely misses you. The hobgoblin barely misses you.
You barely miss the worm.
The worm is severely wounded.
You block the giant cockroach's attack. You block the goblin's attack.
The goblin barely misses you. The hobgoblin hits you.
* * * LOW HITPOINT WARNING * * *
The worm bites you!
You die... ....# ## ## .....# .. ###.. ...... .. ...#..# #...g gg...

.. ......####%#.##gg.#
.. ........#.#..gg@
#.####..###....s#g#
..........#..#.w@g#
......(.........g##
...)............##
....†........)...#
.....................#
............#..###...#
......w.......># ...#
................. ....
...........##.##..
..##.


You could see a worm, Robin, Jessica, a giant cockroach, 3 hobgoblins and 5
goblins.

Vanquished Creatures
  An adder (D:2)
  An ooze (D:1)
  A worm (D:2)
  A dart slug (D:1)
  A leopard gecko (D:1)
  A ball python (D:1)
  A bat (D:1)
  A giant cockroach (D:1)
  5 goblins
  4 hobgoblins
  A jackal (D:1)
  4 frilled lizards
  3 kobolds
  7 rats
32 creatures vanquished.

Notes
Turn   | Place    | Note
-------+----------+-------------------------------------------
     0 | D:1      | Ijustatesigmund the Naga Fighter began the quest for the Orb.
     0 | D:1      | Reached XP level 1. HP: 21/21 MP: 1/1
   132 | D:1      | Reached XP level 2. HP: 18/28 MP: 2/2
   644 | D:1      | Reached XP level 3. HP: 34/34 MP: 3/3
  1249 | D:2      | Noticed Robin
  1250 | D:2      | Noticed Jessica
  1257 | D:2      | Slain by a worm

Vault maps used:
D:1:      dpeg_arrival_brainrot, serial_forest, infiniplex_forest_lined_4_way,
          infiniplex_forest_straight_4, infiniplex_forest_lined_corner,
          infiniplex_forest_clump_cross, infiniplex_forest_straight_2,
          infiniplex_forest_straight_2, infiniplex_forest_lined_3_way
D:2:      lemuel_crystal_altar, elyvilon_altar_1, first_bread, uniq_robin,
          uniq_jessica

Skill      XL: |  1  2 |
---------------+-------+-----
Maces & Flails | 3 |  3.4
Fighting       | |  3.6
Armour         | |  2.4
Shields        | |  2.4

Action                   || total
-------------------------++-------
Melee: Flail             ||   124
  Use: Scroll            ||     3
       Potion            ||     3
Armor: Scale mail        ||    38
Dodge: Dodged            ||    34
Block: Shield            ||    50
